 Dungeon Crawl Stone Soup version 0.31-a0-188-g5e087ee2ca (webtiles) character file.

Game seed: 4703765242337383587

59 qw the Shooter (level 3, -17/20 HPs)
             Began as a Deep Elf Hunter on June 23, 2023.
             Demolished by an ogre
             ... wielding a +0 giant spiked club
              (28 damage)
             ... on level 3 of the Dungeon.
             The game lasted 00:00:31 (1379 turns).

qw the Shooter (Deep Elf Hunter)                    Turns: 1379, Time: 00:00:31

Health: -17/20     AC:  5    Str: 10    XL:     3   Next: 78%
Magic:  5/5        EV: 11    Int: 13    God:
Gold:   141        SH:  0    Dex: 18    Spells: 2/2 levels left

rFire   . . .        Y - +0 shortbow
rCold   . . .        (shield currently unavailable)
rNeg    . . .        f - +0 ring mail
rPois   .            (no helmet)
rElec   .            (no cloak)
rCorr   .            (no gloves)
SInv    .            (no boots)
Will    .....        (no amulet)
Stlth   +            (no ring)
HPRegen 0.23/turn    (no ring)
MPRegen 0.09/turn

%: no passive effects
@: no status effects
A: no striking features
a: no special abilities


You were on level 3 of the Dungeon.
You visited 1 branch of the dungeon, and saw 3 of its levels.

You collected 141 gold pieces.


   Skills:
 - Level 1.5 Fighting
 + Level 7.3 Ranged Weapons
 - Level 2.4 Dodging
 - Level 1.2 Stealth


You had 2 spell levels left.
You didn't know any spells.
Your spell library was empty.

Inventory:

Hand Weapons
 Y - a +0 shortbow (weapon)
Armour
 f - a +0 ring mail (worn)
 k - a +0 pair of gloves
Scrolls
 c - 2 scrolls of identify
 e - a scroll of fog {unknown}
Potions
 a - a potion of curing
 b - a potion of cancellation {unknown}
 d - 2 potions of berserk rage {unknown}
 g - a potion of magic {unknown}
 h - a potion of enlightenment {unknown}
 i - a potion of degeneration {unknown}
 j - a potion of heal wounds {unknown}

Dungeon Overview and Level Annotations

Branches:
Dungeon (3/15)

Altars:

Shops:
D:1 :


Message History

Enter note:
Enter note: You shoot an arrow.
The arrow hits the hobgoblin.
The hobgoblin is heavily wounded.
You shoot an arrow. The arrow hits the hobgoblin!
You kill the hobgoblin!
c - 2 scrolls of identify (gained 1)
An ogre comes into view. It is wielding a +0 giant spiked club.
Enter note:
Enter note: You shoot an arrow.
The arrow hits the ogre.
The ogre is lightly wounded.
You shoot an arrow.
The arrow hits the ogre but does no damage.
The ogre is lightly wounded.
You shoot an arrow. The arrow barely misses the ogre.
You shoot an arrow. The arrow hits the ogre.
The ogre is moderately wounded.
You shoot an arrow.
The arrow hits the ogre but does no damage.
The ogre is moderately wounded.
You shoot an arrow. The arrow hits the ogre.
The ogre is heavily wounded.
The ogre hits you with a +0 giant spiked club!
Ouch! That really hurt!
You shoot an arrow. The arrow hits the ogre.
The ogre is heavily wounded.
You shoot an arrow.
The arrow hits the ogre but does no damage.
The ogre is heavily wounded.
The ogre barely misses you.
You shoot an arrow. The arrow hits the ogre.
The ogre is heavily wounded.
The ogre closely misses you.
You shoot an arrow.
The arrow hits the ogre but does no damage.
The ogre is heavily wounded.
The ogre hits you with a +0 giant spiked club!!
Ouch! That really hurt!
You die...

##########
#.^......#
#........# ##
#........#..
####..####.#
###..####.#
#....##...#
##........# .#
##@#...#>.# .#
#O###.##.##.#
##.###.##....#
#.......#....#
#.#.###.##...#
#.#.# #......#
#. .# ###..###
#. .# ##..#
##.#


You could see an ogre.

Vanquished Creatures
  2 adders (D:2)
  A dart slug (D:1)
  An endoplasm (D:2)
  A giant cockroach (D:1)
  5 goblins
  5 hobgoblins
  9 jackals
  A kobold (D:3)
  A quokka (D:1)
  4 ball pythons
  3 bats (D:2)
  2 rats
35 creatures vanquished.

Notes
Turn   | Place    | Note
-------+----------+-------------------------------------------
     0 | D:1      | qw the Deep Elf Hunter began the quest for the Orb.
     0 | D:1      | Reached XP level 1. HP: 12/12 MP: 3/3
     0 | D:1      | 0 ||| qw: Version: 0.3-a-9-g12657ce
     0 | D:1      | 0 ||| qw: Game counter: 3149
     0 | D:1      | 0 ||| qw: Always use a shield: true
     0 | D:1      | 0 ||| qw: God list: Okawaru
     0 | D:1      | 0 ||| qw: Allow faded altars: false
     0 | D:1      | 0 ||| qw: Do Orc after D:15 true
     0 | D:1      | 0 ||| qw: Do second Lair branch before Depths: true
     0 | D:1      | 0 ||| qw: Lair rune preference: random
     0 | D:1      | 0 ||| qw: Plans: Normal
     0 | D:1      | 0 ||| PLANNING D:1-11
    44 | D:1      | Found Cekaohoe's Vocational Training.
   165 | D:1      | Reached skill level 6 in Ranged Weapons
   165 | D:1      | Reached XP level 2. HP: 16/16 MP: 4/4
   374 | D:1      | 374 ||| UPGRADING to +0 ring mail.
   384 | D:1      | 384 ||| DROPPING +0 leather armour.
   385 | D:1      | 385 ||| READING scroll labelled LADOIMIATUQ.
   386 | D:1      | 386 ||| READING scroll labelled ZEL MIURCHUBIO.
   387 | D:1      | 387 ||| READING scroll labelled NEUTULI AKKUTO.
   388 | D:1      | 388 ||| DROPPING scroll of butterflies.
   401 | D:2      | 401 ||| STAIRDANCE
   428 | D:2      | 428 ||| STAIRDANCE
   453 | D:2      | Found a faded altar of an unknown god.
   460 | D:2      | Reached XP level 3. HP: 20/20 MP: 5/5
   712 | D:2      | Reached skill level 7 in Ranged Weapons
  1225 | D:2      | 1225 ||| READING scroll labelled RALYRU GAALANU.
  1226 | D:2      | 1226 ||| READING scroll labelled IRUTZAKHL LEFUR.
  1227 | D:2      | 1227 ||| READING scroll labelled JESTRE HYOTOKAM.
  1228 | D:2      | 1228 ||| DRINKING 2 viscous red potions.
  1369 | D:3      | Noticed an ogre
  1379 | D:3      | Demolished by an ogre

Levels and vault maps discovered:
D:1:      minmay_arrival_doors, layout_rooms, nicolae_shop_vocational
D:2:      layout_loops_corners, basic_ecumenical_altar, uniq_crazy_yiuf_cottage
D:3:      layout_rooms, grunt_gozag_breadcrumbs, uniq_terence

Skill      XL: |  1  2  3 |
---------------+----------+-----
Ranged Weapons | 6 7 |  7.3
Fighting       | |  1.5
Dodging        | |  2.4
Stealth        | |  1.2

Action                     || total
---------------------------++-------
   Fire: Shortbow          ||    94
    Use: Scroll            ||     6
         Potion            ||     1
 Armour: Ring mail         ||    33
  Dodge: Dodged            ||    52

Table legend:
 A = Non-vault XP
 B = Vault XP
 C = Vault XP percentage of total XP
 D = Non-vault monster count
 E = Vault monster count
 F = Vault count percentage of total count
                 A         B        C        D         E       F
            +---------+---------+-------+---------+---------+-------
      Total |      85 |       0 |   0.0 |      35 |       0 |   0.0
            +---------+---------+-------+---------+---------+-------
        D:1 |      31 |       0 |   0.0 |      16 |       0 |   0.0
        D:2 |      50 |       0 |   0.0 |      17 |       0 |   0.0
        D:3 |       4 |       0 |   0.0 |       2 |       0 |   0.0
            +---------+---------+-------+---------+---------+-------
